 Seeded DCSS version 0.28.0-43-g3370ac3207 (webtiles) character file.

Game seed: 7121082916606783627 (custom seed)

23 gzilladon the Chopper (level 3, 0/33 HPs)
             Began as a Hill Orc Monk on Mar 30, 2022.
             Constricted to death by a ball python (1 damage)
             ... on level 2 of the Dungeon.
             The game lasted 00:02:30 (927 turns).

gzilladon the Chopper (Hill Orc Monk)                Turns: 927, Time: 00:02:31

Health: 0/33       AC:  5    Str: 15    XL:     3   Next: 0%
Magic:  3/3        EV:  8    Int: 10    God:
Gold:   68         SH:  0    Dex: 13    Spells: 2/2 levels left

rFire   . . .      SeeInvis .   a - +0 hand axe
rCold   . . .      Faith    .   (no shield)
rNeg    . . .      Spirit   .   h - +0 ring mail
rPois   .          Reflect  .   (no helmet)
rElec   .          Harm     .   (no cloak)
rCorr   .          Rampage  .   (no gloves)
Will    .....                   (no boots)
Stlth   +.........              (no amulet)
HPRegen 0.11/turn               (no ring)
MPRegen 0.08/turn               (no ring)

@: constricted
A: no striking features
a: no special abilities


You were on level 2 of the Dungeon.
You visited 1 branch of the dungeon, and saw 2 of its levels.

You collected 68 gold pieces.

Inventory:

Hand Weapons
 a - a +0 hand axe (weapon)
Missiles
 c - 25 stones (quivered)
 k - 5 poisoned darts
Armour
 b - a +0 robe
 d - a +0 leather armour
 h - a +0 ring mail (worn)
Scrolls
 e - a scroll of torment {unknown}
 f - 2 scrolls of identify {unknown}
 i - a scroll of teleportation {unknown}
 j - a scroll of immolation {unknown}
Potions
 g - a potion of attraction {unknown}


   Skills:
 + Level 4.0 Fighting
 * Level 5.0 Axes
 + Level 0.4 Armour
 - Level 2.4 Dodging
 - Level 1.5 Stealth


You had 2 spell levels left.
You didn't know any spells.
Your spell library was empty.

Dungeon Overview and Level Annotations

Branches:
Dungeon (2/15)

Altars:

Shops:
D:1 *


Message History

The endoplasm freezes you.
You are frozen.
* * * LOW HITPOINT WARNING * * *
The ball python hisses angrily.
You hit the worm.
The worm is almost dead.
You hit the endoplasm.
You kill the endoplasm!
You barely miss the kobold. The kobold barely misses you. The worm bites you.
* * * LOW HITPOINT WARNING * * *
You barely miss the worm. You punch the worm.
You kill the worm!
You closely miss the kobold. The kobold barely misses you.
Your Fighting skill increases to level 4!
Your Axes skill increases to level 5!
You have reached level 3!
Your experience leads to an increase in your attributes!
Increase (S)trength, (I)ntelligence, or (D)exterity?
You feel stronger. x2
Found an escape hatch in the ceiling.
The kobold closely misses you.
Found 3 poisoned darts.
The ball python misses you. The ball python barely misses you.
The kobold hits you but does no damage.
There is a stone staircase leading down here.
The ball python bites you.
* * * LOW HITPOINT WARNING * * *
The ball python grabs you.
You stop descending the stairs.
The ball python constricts you.
* * * LOW HITPOINT WARNING * * *
The kobold barely misses you.
You barely miss the kobold.
You hit the ball python but do no damage.
The ball python barely misses you. The ball python constricts you.
* * * LOW HITPOINT WARNING * * *
The kobold hits you with a +0 dagger.
* * * LOW HITPOINT WARNING * * *
The ball python bites you but does no damage.
The ball python constricts you.
You die...

#....... #.......
##.....## ## #.......#
.. #.......###### . #
#.......$....# .##.#.
#...........###...(..
##...<.w....S...##...
..............K@.......
.#...#...........#..###
...................<#
.....#...........#..#
##.............###....
#..<.....###..# ....
.....##... #... ..##
#.. .#


You could see a worm, a ball python and a kobold.

Vanquished Creatures
  A worm (D:2)
  A ball python (D:2)
  2 bats (D:1)
  2 endoplasms
  A giant cockroach (D:1)
  2 goblins (D:1)
  2 hobgoblins (D:1)
  4 quokkas (D:1)
  A kobold (D:1)
  A rat (D:1)
17 creatures vanquished.

Vanquished Creatures (others)
  A plant (D:1)
1 creature vanquished.

Grand Total: 18 creatures vanquished

Notes
Turn   | Place    | Note
-------+----------+-------------------------------------------
     0 | D:1      | gzilladon the Hill Orc Monk began the quest for the Orb.
     0 | D:1      | Reached XP level 1. HP: 19/19 MP: 1/1
   258 | D:1      | Reached XP level 2. HP: 20/27 MP: 2/2
   828 | D:1      | Found Rirorouf's Assorted Antiques.
   918 | D:2      | Reached skill level 5 in Axes
   918 | D:2      | Reached XP level 3. HP: 5/33 MP: 3/3
   927 | D:2      | HP: 1/33 [kobold/+0 dagger (2)]
   927 | D:2      | Constricted to death by a ball python

Illustrated notes

Levels and vault maps discovered:
D:1:      minmay_arrival_plants_in_alcoves, layout_rooms, serial_shops, shop,
          chequers_serial_rivers_large_b
D:2:      layout_rooms, hellmonk_ecumenical_altar_leap_of_faith,
          minmay_door_square, nicolae_concentric_dashed_squares_mild

Skill      XL: |  1  2 |
---------------+-------+-----
Fighting       | 4 |  4.0
Axes           | 5 |  5.0
Armour         | |  0.4
Dodging        | |  2.4
Stealth        | |  1.5

Action                   || total
-------------------------++-------
Melee: Hand axe          ||    71
       Punch             ||     2
Armor: Leather armour    ||     8
       Ring mail         ||    16
Dodge: Dodged            ||    68
